 Dungeon Crawl Stone Soup version 0.31.0-12-g77e489cdc1 (webtiles) character file.

Game seed: 4306245739360084300

2719 hawla the Protected (level 9, -13/106 HPs)
             Began as a Minotaur Fighter on Feb 17, 2024.
             Mangled by Maggie
             ... wielding a +1 long sword of distortion
              (19 damage)
             ... on level 7 of the Dungeon.
             The game lasted 00:11:19 (5660 turns).

hawla the Protected (Minotaur Fighter)              Turns: 5660, Time: 00:11:21

Health: -13/106    AC: 28    Str: 25    XL:     9   Next: 39%
Magic:  8/8        EV:  2    Int:  5    God:
Gold:   87         SH:  5    Dex: 10    Spells: 8/8 levels left

rFire   . . .        a - +1 war axe (flame)
rCold   . . .        c - +0 buckler
rNeg    . . .        i - melded +0 chain mail
rPois   +            (helmet currently unavailable)
rElec   .            (cloak currently unavailable)
rCorr   .            (gloves currently unavailable)
SInv    +            b - melded +1 pair of boots
Will    .....        e - amulet of regeneration
Stlth   +            D - +4 ring of protection
HPRegen 1.17/turn    s - ring of see invisible
MPRegen 0.11/turn

%: no passive effects
@: tree-form, mesmerised
A: stationary, stasis, torment immunity, boosted hp, (horns 2), (retaliatory
headbutt)
a: no special abilities


You were on level 7 of the Dungeon.
You were a tree.
You visited 2 branches of the dungeon, and saw 8 of its levels.
You also visited: Sewer.

You collected 230 gold pieces.
You spent 143 gold pieces at shops.

Inventory:

Hand Weapons
 a - a +1 war axe of flaming (weapon)
Missiles
 h - 19 poisoned darts (quivered)
 m - a throwing net
Armour
 b - a +1 pair of boots (melded)
 c - a +0 buckler (worn)
 i - a +0 chain mail (melded)
Jewellery
 e - an amulet of regeneration (around neck)
 k - a ring of fire
 s - a ring of see invisible (right branch)
 w - a ring of poison resistance
 D - a +4 ring of protection (left branch)
Wands
 g - a wand of polymorph (8)
 y - a wand of paralysis (1)
 C - a wand of quicksilver (11)
 E - a wand of flame (5)
Scrolls
 j - a scroll of vulnerability
 p - a scroll of immolation {unknown}
 r - 3 scrolls of fog
 u - 2 scrolls of teleportation
Potions
 d - a potion of might
 f - 2 potions of enlightenment
 l - 2 potions of experience {unknown}
 n - a potion of attraction {unknown}
 o - a potion of haste {unknown}
 q - a potion of heal wounds {unknown}
 t - 3 potions of curing
 v - a potion of resistance {unknown}
 x - a potion of ambrosia {unknown}
 z - a potion of lignification
 A - a potion of brilliance


   Skills:
 - Level 4.0 Fighting
 - Level 2.4 Axes
 - Level 6.0 Throwing
 + Level 11.0 Armour
 - Level 6.0 Dodging
 - Level 5.0 Shields
 - Level 3.0 Evocations


You had 8 spell levels left.
You didn't know any spells.
Your spell library was empty.

Dungeon Overview and Level Annotations

Branches:
Dungeon (7/15)             Temple (1/1) D:4           Sewer (visited)

Altars:
Ashenzari
Cheibriados
Elyvilon
Fedhas
Gozag
Hepliaklqana
Kikubaaqudgha
Makhleb
Nemelex Xobeh
Okawaru
Qazlal
Ru
Trog
Vehumet
Wu Jian
Xom
Zin
The Shining One

Shops:
D:5 :=:*!   D:6 :

Annotations:
D:6 dig the gold
D:7 3 runed translucent doors, M1RAB1L1S's ghost, novice DgFi; Maggie


Innate Abilities, Weirdness & Mutations

You are a tree.
Your roots penetrate the ground, keeping you stationary.
You cannot be teleported.
You are immune to unholy pain and torment.
Your maximum health is greatly increased.
Your equipment is partially melded.
((You have a pair of horns on your head.))
((You reflexively headbutt those who attack you in melee.))


Message History

Your Armour skill increases to level 11!
Unknown command.
Maggie gestures at you while chanting. The bolt of fire misses you.
The centaur shoots an arrow.
The arrow hits you but does no damage.
Unknown command.
M1RAB1L1S's ghost whispers, "Trust me.
Just give in."
Maggie hits you but does no damage. Space warps around you.
The centaur shoots an arrow.
You block the arrow.
Unknown command.
You hit Maggie. You burn Maggie. You headbutt Maggie, but do no damage.
Maggie is lightly wounded.
The centaur shoots an arrow.
The arrow hits you.
An ice beast comes into view.
Maggie hits you but does no damage. Space warps around you.
The centaur shoots an arrow.
The arrow hits you!
The centaur shoots an arrow.
The arrow hits you but does no damage.
Maggie points at you and mumbles some strange words.
The bolt of fire hits you!!
* * * LOW HITPOINT WARNING * * *
Okay, then.
You turn into a tree.
Your +1 pair of boots melds into your body.
Your +0 chain mail melds into your body.
Your roots penetrate the ground.
The black bear bites you.
* * * LOW HITPOINT WARNING * * *
You block the black bear's attack.
The black bear claws you but does no damage.
Maggie hits you with a +1 long sword of distortion.
* * * LOW HITPOINT WARNING * * *
Space warps around you.
* * * LOW HITPOINT WARNING * * *
You feel better.
The centaur unwields a +0 orcbow.
The centaur barely misses you.
The centaur kicks you but does no damage.
The black bear bites you.
* * * LOW HITPOINT WARNING * * *
The black bear claws you but does no damage. x2
Maggie hits you but does no damage. Space warps horribly around you!!
You die...

~≈≈.. ≈≈.. #...
#.. #.. ##.#
#### ##††# ...
####..<##.#.##
.....Y.ch♣....#
#$......c[@...#
...###+++###..#
#.


#..WDOHJ# .# # #...OYK.# # .#.......# ..#.......#. ..#.......#.. You could see
Maggie (mesmerising), a two-headed ogre, a manticore, a black bear, an acid
dragon, 2 ice beasts, a kobold brigand, an ogre, 2 centaurs, a jelly and
M1RAB1L1S's ghost.

Vanquished Creatures
  6 yaks
  A water moccasin (D:5)
  A sky beast (D:6)
  A crocodile (Sewer)
  An ice beast (D:7)
  A phantom (D:5)
  2 kobold brigands (Sewer)
  A brain worm (Sewer)
  Blork the orc (D:6)
  3 scorpions
  3 howler monkeys (D:7)
  6 hounds
  An orc priest (D:5)
  3 bombardier beetles
  A gnoll bouda (D:4)
  3 jellies
  3 iguanas (D:5)
  2 orc wizards (D:5)
  7 gnolls
  13 adders
  3 river rats (Sewer)
  3 ribbon worms
  3 dart slugs
  7 orcs
  3 bats
  13 endoplasms
  5 giant cockroaches
  7 goblins
  4 hobgoblins
  5 jackals
  7 kobolds
  3 quokkas
  14 ball pythons
  6 frilled lizards
  7 rats
150 creatures vanquished.

Notes
Turn   | Place    | Note
-------+----------+-------------------------------------------
     0 | D:1      | hawla the Minotaur Fighter began the quest for the Orb.
     0 | D:1      | Reached XP level 1. HP: 19/19 MP: 0/0
   120 | D:1      | Reached XP level 2. HP: 27/27 MP: 1/1
   475 | D:1      | Found a faded altar of an unknown god.
   768 | D:2      | Reached skill level 5 in Shields
   768 | D:2      | Reached XP level 3. HP: 31/33 MP: 2/2
  1071 | D:2      | Reached skill level 1 in Throwing
  1071 | D:2      | Reached skill level 1 in Dodging
  1075 | D:2      | Reached XP level 4. HP: 40/40 MP: 3/3
  1697 | D:3      | Found a shimmering altar of Xom.
  1697 | D:3      | Found a broken altar of Ashenzari.
  2002 | D:3      | Found a glowing drain.
  2006 | Sewer    | Entered a sewer
  2059 | Sewer    | Reached XP level 5. HP: 42/46 MP: 4/4
  2183 | Sewer    | Noticed a crocodile
  2189 | Sewer    | Killed a crocodile
  2190 | Sewer    | Reached XP level 6. HP: 52/52 MP: 5/5
  3485 | D:4      | Reached skill level 5 in Dodging
  3485 | D:4      | Reached XP level 7. HP: 59/59 MP: 6/6
  3546 | D:4      | Found a staircase to the Ecumenical Temple.
  3591 | Temple   | Entered the Ecumenical Temple
  3664 | D:4      | Reached skill level 5 in Throwing
  4072 | D:5      | Entered Level 5 of the Dungeon
  4126 | D:5      | Found Afituluh's Distillery.
  4131 | D:5      | Bought a potion of lignification for 33 gold pieces
  4131 | D:5      | Bought a potion of brilliance for 44 gold pieces
  4131 | D:5      | Bought 2 potions of curing for 66 gold pieces
  4175 | D:5      | Found an ornate altar of the Wu Jian Council.
  4345 | D:5      | Reached skill level 1 in Evocations
  4400 | D:5      | Reached XP level 8. HP: 66/66 MP: 7/7
  4406 | D:5      | Found Iskuof's Jewellery Emporium.
  4407 | D:5      | Found Inara's Book Emporium.
  4409 | D:5      | Found Yreb's Book Emporium.
  4410 | D:5      | Found Somok's General Store.
  4463 | D:5      | Reached skill level 4 in Armour
  4465 | D:5      | Reached skill level 5 in Armour
  4979 | D:6      | Found Keewkaoq's Book Boutique.
  4984 | D:6      | Reached skill level 6 in Armour
  5055 | D:6      | Noticed Blork the orc
  5060 | D:6      | Killed Blork the orc
  5061 | D:6      | Reached skill level 7 in Armour
  5122 | D:6      | Reached skill level 8 in Armour
  5199 | D:5      | Reached skill level 9 in Armour
  5199 | D:5      | Reached XP level 9. HP: 61/71 MP: 8/8
  5230 | D:6      | Reached skill level 10 in Armour
  5641 | D:7      | Noticed a two-headed ogre
  5641 | D:7      | Noticed M1RAB1L1S's ghost (novice DgFi)
  5641 | D:7      | Found a runed translucent gate.
  5641 | D:7      | Found a runed translucent gate.
  5641 | D:7      | Found a runed translucent gate.
  5647 | D:7      | Noticed a manticore
  5652 | D:7      | Noticed Maggie
  5656 | D:7      | Reached skill level 11 in Armour
  5659 | D:7      | HP: 2/106 [Maggie/+1 long sword of distortion (4)]
  5660 | D:7      | Mangled by Maggie

Illustrated notes

Levels and vault maps discovered:
D:1:      lemuel_arrival_hallway, layout_loops_ring,
          shapermc_ecumenical_altar_venn
D:2:      layout_basic
D:3:      layout_loops_ring, nicolae_overflow_two_pavilions,
          mainiacjoe_sewer_entry_somewhere_in_here_2, chequers_big_river,
          hangedman_decor_push, hangedman_decor_clover_reticule,
          nicolae_hexahallways, kennysheep_doodads
D:4:      layout_loops_ring, temple_green
D:5:      layout_loops_ring, nzn_wu_jian_contemplation, serial_shops,
          nicolae_shop_hallway_plus, minmay_fountain_box,
          minmay_shop_grid_forest, kennysheep_generic_room_6
D:6:      layout_basic, serial_shops, shop, dreamdust_mushroom_princess,
          minmay_statues_item, item_on_display_b, uniq_blork_the_orc
D:7:      nicolae_whirlpool, layout_rooms, serial_shops, shop, enter_bailey_4,
          gammafunk_ghost_split, serial_aquarium, aquarium_bridge_straight
          [aquarium_subvault_bridge, aquarium_subvault_balcony,
          aquarium_subvault_bridge, aquarium_subvault_wall],
          aquarium_window_corner, aquarium_window_fake,
          aquarium_window_corridor_3, aquarium_view_2c, kennysheep_nondescript,
          minmay_manual_mares, uniq_maggie
Temple:   hellmonk_temple_two_chambers

Skill      XL: |  1  2  3  4  5  6  7  8  9 |
---------------+----------------------------+-----
Fighting       | 4 |  4.0
Shields        | 4 5 |  5.0
Throwing       | 1 2 3 4 6 |  6.0
Dodging        | 1 2 4 5 6 |  6.0
Evocations     | 2 3 |  3.0
Armour         | 9 11 | 11.0
Axes           | |  2.4

Action                     |  1- 3 |  4- 6 |  7- 9 || total
---------------------------+-------+-------+-------++-------
  Melee: War axe           |    74 |   174 |   153 ||   401
         Headbutt          |     5 |    20 |    38 ||    63
    Use: Scroll            |     3 |     4 |     4 ||    11
         Potion            |       |       |     2 ||     2
 Armour: Scale mail        |    30 |       |       ||    30
         Chain mail        |    10 |   127 |   173 ||   310
         Skin              |       |       |     8 ||     8
  Dodge: Dodged            |    34 |    82 |   102 ||   218
  Block: Buckler           |    20 |    46 |    43 ||   109
